 Dungeon Sprint DCSS version 0.27-a0-78-g75406f0b48 (webtiles) character file.

Game seed: 335648764345268750

142 mhtbhm the Thaumaturge (level 5, -7/28 HPs)
             Began as a Deep Elf Earth Elementalist on Jan 14, 2021.
             Was an Initiate of Vehumet.
             Killed from afar by a deep elf mage (29 damage)
             ... with a bolt of lightning
             ... in the Dungeon (Sprint III: "The Ten Rune Challenge").
             The game lasted 00:01:49 (652 turns).

mhtbhm the Thaumaturge (Deep Elf Earth Elementalist) Turns: 652, Time: 00:01:50

Health: -7/28      AC:  3    Str:  5    XL:     5   Next: 3%
Magic:  13/18      EV: 14    Int: 21    God:    Vehumet [......]
Gold:   23         SH:  0    Dex: 17    Spells: 3/21 levels left

rFire    . . .     SeeInvis .   (no weapon)
rCold    . . .     Faith    .   (no shield)
rNeg     . . .     Spirit   .   c - +0 robe
rPois    .         Reflect  .   (helmet restricted)
rElec    .         Harm     .   (no cloak)
rCorr    .         Rampage  .   (no gloves)
Will     .....     NoTele   +   (no boots)
Stlth    +++.......             (no amulet)
HPRegen  0.09/turn              (no ring)
MPRegen  0.16/turn              (no ring)

@: very slightly contaminated
A: antennae 1, agile 1, shaggy fur 1
a: Renounce Religion


You were in the Dungeon.
You worshipped Vehumet.
Vehumet was noncommittal.
You visited 1 branch You collected 23 gold pieces.

Inventory:

Missiles
 b - 3 stones
Armour
 c - a +0 robe (worn)
Scrolls
 i - 2 scrolls of blinking
 k - 2 scrolls of immolation {unknown}
 l - 3 scrolls of identify
 o - a scroll of remove curse {unknown}
Potions
 a - a potion of lignification {unknown}
 d - a potion of curing
 e - 2 potions of heal wounds
 f - a potion of haste
 g - 2 potions of magic
 h - a potion of berserk rage
 j - a potion of mutation
 m - a potion of experience {unknown}
 n - a potion of brilliance {unknown}


   Skills:
 + Level 4.1 Dodging
 + Level 3.7 Stealth
 + Level 8.6 Spellcasting
 + Level 1.3 Transmutations
 + Level 8.4 Earth Magic


You had 3 spell levels left.
You knew the following spells:

 Your Spells              Type           Power        Failure   Level
a - Sandblast             Erth           88%          1%          1
b - Passwall              Tmut/Erth      24%          1%          2
c - Stone Arrow           Conj/Erth      52%          4%          3
d - Lee's Rapid Deconstr  Erth           22%          7%          5
e - Petrify               Tmut/Erth      29%          10%         4
f - Mephitic Cloud        Conj/Pois/Air  9%           22%         3

Your spell library contained the following spells:

 Spells                   Type           Power        Failure   Level
 Animate Skeleton         Necr           18%          8%          1
 Apportation              Tloc           18%          8%          1
 Corona                   Hex            10%          8%          1
 Magic Dart               Conj           36%          8%          1
 Summon Small Mammal      Summ           36%          8%          1
 Blink                    Tloc           N/A          12%         2
 Call Imp                 Summ           9%           12%         2
 Slow                     Hex            9%           12%         2
 Conjure Flame            Conj/Fire      9%           22%         3


Dungeon Overview and Level Annotations

Branches:
Dungeon (1/1)

Altars:
Elyvilon
Kikubaaqudgha
Sif Muna
Vehumet
Zin
The Shining One


Innate Abilities, Weirdness & Mutations

You have a pair of small antennae on your head.
You are agile. (Dex +2)
You are covered in fur. (AC +1)


Message History

Items here: )) [[ ††.
You start resting.
Magic restored.
You open the door.
A deep elf mage comes into view.
It is wielding a +0 long sword of holy wrath.
Found a potion of heal wounds.
Found three altars.
Casting: Sandblast (safe; 1% risk of failure)
Confirm with . or Enter, or press ? or * to list all spells.
The spell is extremely dangerous to cast (7% risk of failure)!
Continue anyway?
Aiming: Lee's Rapid Deconstruction (extremely dangerous; 7% risk of failure)
Press: ? - help, Dir - move target A stone wall.
You miscast Lee's Rapid Deconstruction.
You are very lightly contaminated with residual magic.
Sand pours from your hands.
The deep elf mage shouts!
The deep elf mage gestures at you while chanting.
The bolt of lightning hits you!!
Ouch! That really hurt!
You die...

▓▓▓ ▓▓▓ ..#### ##.####
.....#####..#___
......#..#..#e..
.##...#..#..###'#+###+##
.###..##'#..#...@......#
#.##..###...'.⌠........#
.##..## #...#...######+#
.##..# #....#.⌠.#
##÷..##.....#...#
#....#......#)###
#..##.#.....#...# #..
####....#___# ▓▓▓
▓▓▓▓▓▓▓▓▓▓


You could see a deep elf mage.

Vanquished Creatures
  A water elemental (D)
  A wizard (D)
  A human (D)
  A kobold demonologist (D)
  A wolf (D)
  An ooze (D)
  3 rats (D)
9 creatures vanquished.

Vanquished Creatures (others)
  2 plants (D)
2 creatures vanquished.

Grand Total: 11 creatures vanquished

Notes
Turn   | Place    | Note
-------+----------+-------------------------------------------
     0 | D        | mhtbhm the Deep Elf Earth Elementalist began the quest for
                  | the Orb.
     0 | D        | Reached XP level 1. HP: 10/10 MP: 6/6
    96 | D        | Noticed a wolf
   102 | D        | Killed a wolf
   103 | D        | Reached skill level 5 in Earth Magic
   103 | D        | Reached XP level 2. HP: 1/15 MP: 4/9
   279 | D        | Learned a level 2 spell: Passwall
   380 | D        | Gained mutation: You have a pair of small antennae on your
                  | head. [potion of mutation]
   380 | D        | Gained mutation: You possess an exceptional clarity of
                  | mind. [potion of mutation]
   380 | D        | Gained mutation: Your spells are a little harder to cast,
                  | but a little more powerful. [potion of mutation]
   398 | D        | Reached skill level 5 in Spellcasting
   398 | D        | Reached XP level 3. HP: 11/19 MP: 1/12
   521 | D        | Learned a level 3 spell: Stone Arrow
   521 | D        | Lost mutation: Your spells are a little harder to cast, but
                  | a little more powerful. [potion of mutation]
   521 | D        | Lost mutation: You possess an exceptional clarity of mind.
                  | [potion of mutation]
   521 | D        | Gained mutation: You are covered in fur. (AC +1) [potion of
                  | mutation]
   521 | D        | Gained mutation: You are agile. (Dex +2) [potion of
                  | mutation]
   525 | D        | Noticed a water elemental
   531 | D        | Killed a water elemental
   532 | D        | Reached XP level 4. HP: 23/24 MP: 8/15
   582 | D        | Found a radiant altar of Vehumet.
   582 | D        | Found a shimmering blue altar of Sif Muna.
   582 | D        | Found an ancient bone altar of Kikubaaqudgha.
   582 | D        | Noticed a wizard
   584 | D        | Killed a wizard
   591 | D        | Reached XP level 5. HP: 21/28 MP: 9/18
   600 | D        | Became a worshipper of Vehumet
   607 | D        | Learned a level 5 spell: Lee's Rapid Deconstruction
   612 | D        | Learned a level 4 spell: Petrify
   616 | D        | Learned a level 3 spell: Mephitic Cloud
   651 | D        | Found a glowing silver altar of Zin.
   651 | D        | Found a glowing golden altar of the Shining One.
   651 | D        | Found a white marble altar of Elyvilon.
   651 | D        | Noticed a deep elf mage
   652 | D        | Killed from afar by a deep elf mage

Illustrated notes

Levels and vault maps discovered:
D:        dungeon_sprint_mu [sprint_mu_entry_cave, sprint_mu_temple_rooms,
          sprint_mu_d1_horrors, sprint_mu_d2_genie, sprint_mu_d3_branching,
          sprint_mu_orc_legion, sprint_mu_elf_gauntlet, sprint_mu_hive_nellie,
          sprint_mu_lair_fedhas, sprint_mu_vaults_butterflies,
          sprint_mu_slime_circle, sprint_mu_swamp_cave, sprint_mu_shoals_archi,
          sprint_mu_blade_basic, sprint_mu_crypt_lich, sprint_mu_tomb_spiral,
          sprint_mu_vestibule_basic, sprint_mu_gehenna_hellfire,
          sprint_mu_dis_giant, sprint_mu_tartarus_statrot,
          sprint_mu_cocytus_islands, sprint_mu_zot1]

Skill      XL: |  1  2  3  4 |
---------------+-------------+-----
Spellcasting   | 4 5 7 8 |  8.6
Earth Magic    | 5 6 7 8 |  8.4
Stealth        | 3 |  3.7
Dodging        | 3 4 |  4.1
Transmutations | |  1.3

Action                   |  1- 3 |  4- 6 || total
-------------------------+-------+-------++-------
 Cast: Sandblast         |    20 |     7 ||    27
       Passwall          |     1 |       ||     1
  Use: Potion            |     2 |       ||     2
Armor: Robe              |       |     6 ||     6
Dodge: Dodged            |     7 |     3 ||    10

Table legend: (Time is in decaauts)
 A = Elapsed time spent in this place.
 B = Non-inter-level travel time spent in this place.
 C = Inter-level travel time spent in this place.
 D = Time resting spent in this place.
 E = Time spent auto-exploring this place.
 F = Levels seen in this place.
 G = Mean time per level.
                   A        B        C        D        E       F      G
               +--------+--------+--------+--------+--------+-----+--------+
         Total |    652 |    652 |      0 |    500 |     16 |   1 |  652.0 |
       Dungeon |    652 |    652 |      0 |    500 |     16 |   1 |  652.0 |
               +--------+--------+--------+--------+--------+-----+--------+

Top non-repeatable levels by time:
       D: 652 daAuts
